Workbook

Sheet Instructions
A1: General Spreadsheet Note
A2: Cells highlighted in yellow require utility to populate
A3: GENERAL INFO TAB: Enter all requested data
A4: SUMMARY TAB: Enter utility name, compliance year (CY), CY retail sales, Tier III credits claimed, Tier II RECs retired for Tier III, Tier III banked RECs.
A6: RED Tabs are copied in
A7: BLUE Tabs are populated with macro.
A9: Instructions
A10: 1. Copy GIS report into Compliance Year GIS export [CY GIS export]-- direct export from GIS
A11: Copy Tier III summary tables from March Tier III filing in [Tier III].
A12: Copy [Banked RECs for future years] sheet from previous year's report into [PY banked RECs] tab. Adjust column I to show whether they will be banked again or used for the current compliance period.
A13: 2. Copy CY GIS export tab into CY GISexport adjusted tab to make modifications.
A14: a. Add column (should be AU) into CY GIS export adjusted report to specify whether a block of RECs is being used for current year compliance or being banked. (for 2018 compliance year, the only entries should be "2018" or "banked."
... A16: ii. Make adjustments to quantites (e.g. NYPA, HQ) and qualification status (i.e. change VT Tier I to "yes"), again highlighting changes where appropriate.
A17: 3. Run Macros: CTRL + SHIFT+ Q to run CY_RECs and CTRL + SHIFT + B to run Banked_RECs. This will populate [Compliance Year RECs] and [Banked RECs for future years] tabs. | C17: 810-
A18: 4. If banked RECs from a previous year are being used for current compliance year, copy those rows from [PY banked RECs] for compliance in current year into bottom of [Compliance Year RECs] tab.

Sheet General Info
A2: Compliance Year Resource Mix | B2: Physical MWh Delivered | C2: RECs/Attributes Delivered | D2: RECs/ Attributes Retired | E2: For Tier III credit verification and calculation of emissions reductions for legislative report
A3: Biomass
A4: Distillate
A5: Farm Methane
A6: HQ System Mix
A7: Hydropower
A8: Landfill Methane
A9: Natural Gas
A10: Nuclear
A11: Solar
A12: Unspecified ⁱ
A13: Wind
A14: REC only purchase- hydro | B14: 0
A15: REC only purchase- wind | B15: 0
A16: other (specify)
A17: other (specify)
A18: TOTAL
A20: Compliance Costs | B20: REC Cost | C20: Overhead | D20: Incentives | E20: For legislative report
A21: Tier I | D21: 0
A22: Tier II | D22: 0
A23: Tier III
A24: TOTAL
A26: Adjustments to GIS Certificates | B26: % of Attributes that are Renewable
A27: Hydro-Quebec System Mix | B27: 0.99
A28: New York System Mix | B28: 0.95
A29: Other…

Sheet summary
A1: Utility: | B1: VERMONT
A2: Compliance Year Submitted: | B2: 2018
A3: Compliance Year Retail Sales (MWh): | B3: 54000000
B5: MWh | C5: %
A6: Tier I Obligation: | B6: =C6*$B$3 -> 29700000 | C6: =VLOOKUP($B$2,'RES requirements'!$A$4:$E$19,2) -> 0.55
A7: Tier II Obligation: | B7: =C7*$B$3 -> 864000 | C7: =VLOOKUP($B$2,'RES requirements'!$A$4:$E$19,4) -> 0.016
A8: Tier III Obligation: | B8: =C8*$B$3 -> 1440000 | C8: =VLOOKUP($B$2,'RES requirements'!$A$4:$E$19,5) -> 0.026666667
A10: Tier I RECs Retired: | B10: =SUMIF('Compliance Year RECs'!G:G,"yes",'Compliance Year RECs'!L:L) -> 6967.16 | C10: =B10/$B$3 -> 0.00012902148
A11: Tier II RECs Retired: | B11: =SUMIF('Compliance Year RECs'!H:H,"yes",'Compliance Year RECs'!L:L) -> 386 | C11: =B11/$B$3 -> 7.1481481e-06
A12: Tier III approved savings: | C12: =B12/$B$3 -> 0
A13: Tier II RECs Retired for Tier III: | C13: =B13/$B$3 -> 0
A15: Tier I Banked RECs: | B15: =SUMIF('Banked RECs for future years'!G:G,"yes",'Banked RECs for future years'!H:H) -> 0
A16: Tier II Banked RECs: | B16: =SUMIF('Banked RECs for future years'!J:J,"yes",'Banked RECs for future years'!H:H) -> 0
A17: Tier III Banked Credits:
A19: Tier I ACP: | B19: =VLOOKUP($B$2,'RES requirements'!$A$4:$I$19,7) -> 10.13
A20: Tier II ACP: | B20: =VLOOKUP($B$2,'RES requirements'!$A$4:$I$19,8) -> 60.78
A21: Tier III ACP: | B21: =VLOOKUP($B$2,'RES requirements'!$A$4:$I$19,9) -> 60.78

Sheet Tier III
B2: TIER III SUMMARY TABLE
B3: directly from Tier III compliance report
B5: Measure | C5: Incentive | D5: Admin cost | E5: Cost per measure | F5: # of measures | G5: Total Cost | H5: Savings per unit (MWh) | I5: Total Savings(MWh) | J5: $/MWh
B9: Notes:
B10: Explanation/clarification of each column is as follows:
B11: 1) Measure – As shown in the example where there is a low-income specific measure or adder to a measure this should be listed separately.
B12: 2) Incentive – Both the direct cash/bill credit incentive and the non-cash equipment cost (such as for a “free” EV charger given to the customer) should be listed.
B13: 3) Administrative Costs – those costs that are associated with the measure should be shown here. If the specific measure administrative costs cannot be calculated, then a weighted average using the total MWh of overall administrative costs should be included. The Department will work with the utilities to define what should be included as “administrative costs.”
B14: 4) Cost per measure – sum of individual incentive amount and individual measure administrative costs.
B15: 5) # of measures – Number of measures either being projected to be completed/installed (in annual plans) or claimed (in Tier 3 compliance reports).
B16: 6) Total cost – of this measure (Cost per measure x Number of measures)
B17: 7) Savings per measure – MWh being projected (in annual plans) or claimed (in Tier 3 compliance reports). This includes modifiers such as the additional electrical use. If there is potential variance in energy savings for a particular measure the summary table in the plan can use a blended average. For example, Cold-climate heat pumps have different savings based on the size of the heat pumps. Utilities can use a blended average of the savings for the summary table included in their annual plans and then report the actuals for what was installed in their compliance reports.
B18: 8) Total Savings – MWh being projected/claimed for all measures of this type (Savings per measure x number of measures)
B19: $/MWh – cost per MWH of each measure (Total Cost / Total Savings (MWh))

Sheet PY banked RECs
A1: Month of Generation | B1: Unit ID | C1: Generator Plant - Unit Name | D1: Certificate Serial Numbers | E1: Fuel Type | F1: Quantity | G1: VT Tier I | H1: VT Tier II | I1: YEAR RETIRED OR BANKED | K1: Vintage | L1: Quantity Banked
A2: 2015-01 | B2: MIX31709 | C2: Unit A | D2: 1341977 - 1 to 4004 | E2: System Mix | F2: 4004 | G2: YES | H2: No | I2: 2018 | K2: =LEFT(A2,4) -> 2015 | L2: =F2 -> 4004
A3: 2015-01 | B3: NON107890 | C3: Unit B | D3: 1216765 - 1 to 1 | E3: Solar Photovoltaic | F3: 1 | G3: Yes | H3: Yes | I3: 2018 | K3: =LEFT(A3,4) -> 2015 | L3: =F3 -> 1
A4: 2016-01 | B4: NON88610 | C4: Unit B | D4: 1237163 - 1 to 323 | E4: Hydroelectric/Hydropower | F4: 323 | G4: Yes | H4: Yes | I4: BANKED | K4: =LEFT(A4,4) -> 2016 | L4: =F4 -> 323

Sheet CY GIS export
A1: Disposition | B1: Disposition Effective Quarter | C1: Certificate Type | D1: Transferee | E1: Voluntary | F1: Reserve Retirement State | G1: Subaccount ID | H1: Subaccount Name | I1: Product | J1: State | K1: Month of Generation | L1: Unit ID | M1: Generator Plant - Unit Name | N1: Certificate Serial Numbers | O1: Fuel Type | P1: Quantity | Q1: CT Class I | R1: CT LREC | S1: CT Class II | T1: CT Class III | U1: CT CEO | V1: MA RPS Class I Renewable Generation Unit | W1: MA Solar Carve Out I Unit | X1: MA Auction Solar Carve Out I Unit | Y1: MA Solar Carve Out II Unit | Z1: MA Auction Solar Carve Out II Unit | AA1: MA RPS Class II Renewable Generation Unit | AB1: MA RPS Class II Waste Energy Generation Unit | AC1: MA APS Alternative Generation Unit | AD1: Eligible MA NOx Allowances | AE1: ME Ren Eff Energy Source | AF1: ME Class I | AG1: ME Class II | AH1: ME Community Based Renewable Energy | AI1: ME CO2 Netting | AJ1: RI New Renewable Resource | AK1: RI Existing Renewable Resource | AL1: NH Class I | AM1: NH Class I Thermal | AN1: NH Class II | AO1: NH Class III | AP1: NH Class IV | AQ1: VT Tier I | AR1: VT Tier II | AS1: Green E | AT1: Low Impact Hydro Institute
A2: Settled | B2: 2017/Q1 | C2: Generation | G2: 36151 | J2: NH | K2: 2017-01 | L2: MSS555 | M2: Unit A | N2: 1215240 - 3361 to 10800 | O2: Nuclear | P2: 7440 | Q2: No | R2: No | S2: No | T2: No | U2: No | V2: No | W2: No | X2: No | Y2: No | Z2: No | AA2: No | AB2: No | AC2: No | AD2: No | AE2: No | AF2: No | AG2: No | AH2: No | AI2: No | AJ2: No | AK2: No | AL2: No | AM2: No | AN2: No | AO2: No | AP2: No | AQ2: No | AR2: No | AS2: No | AT2: No
A3: Settled | B3: 2017/Q1 | C3: Generation | G3: 36374 | J3: NY | K3: 2017-01 | L3: MIX31708 | M3: Unit B | N3: 1341945 - 2226 to 5616 | O3: System Mix | P3: 3391 | Q3: No | R3: No | S3: No | T3: No | U3: No | V3: No | W3: No | X3: No | Y3: No | Z3: No | AA3: No | AB3: No | AC3: No | AD3: No | AE3: No | AF3: No | AG3: No | AH3: No | AI3: No | AJ3: No | AK3: No | AL3: No | AM3: No | AN3: No | AO3: No | AP3: No | AQ3: No | AR3: No | AS3: No | AT3: No
A4: Settled | B4: 2017/Q1 | C4: Generation | G4: 36374 | J4: QC | K4: 2017-01 | L4: MIX31709 | M4: Unit A | N4: 1341977 - 1 to 4004 | O4: System Mix | P4: 4004 | Q4: No | R4: No | S4: No | T4: No | U4: No | V4: No | W4: No | X4: No | Y4: No | Z4: No | AA4: No | AB4: No | AC4: No | AD4: No | AE4: No | AF4: No | AG4: No | AH4: No | AI4: No | AJ4: No | AK4: No | AL4: No | AM4: No | AN4: No | AO4: No | AP4: No | AQ4: No | AR4: No | AS4: No | AT4: No
A5: Settled | B5: 2017/Q1 | C5: Generation | G5: 36375 | J5: VT | K5: 2017-01 | L5: NON107890 | M5: Unit B | N5: 1216765 - 1 to 1 | O5: Solar Photovoltaic | P5: 1 | Q5: No | R5: No | S5: No | T5: No | U5: No | V5: No | W5: No | X5: No | Y5: No | Z5: No | AA5: No | AB5: No | AC5: No | AD5: No | AE5: No | AF5: No | AG5: No | AH5: No | AI5: No | AJ5: No | AK5: No | AL5: No | AM5: No | AN5: No | AO5: No | AP5: No | AQ5: Yes | AR5: Yes | AS5: No | AT5: No
A6: Settled | B6: 2017/Q1 | C6: Generation | G6: 36375 | J6: VT | K6: 2017-01 | L6: NON70598 | M6: Unit A | N6: 1234112 - 1 to 73 | O6: Solar Photovoltaic | P6: 73 | Q6: No | R6: No | S6: No | T6: No | U6: No | V6: Yes | W6: No | X6: No | Y6: No | Z6: No | AA6: No | AB6: No | AC6: No | AD6: No | AE6: No | AF6: No | AG6: No | AH6: No | AI6: No | AJ6: No | AK6: No | AL6: No | AM6: No | AN6: No | AO6: No | AP6: No | AQ6: Yes | AR6: Yes | AS6: No | AT6: No
A7: Settled | B7: 2017/Q1 | C7: Generation | G7: 36375 | J7: VT | K7: 2017-01 | L7: NON70599 | M7: Unit B | N7: 1230418 - 1 to 85 | O7: Solar Photovoltaic | P7: 85 | Q7: No | R7: No | S7: No | T7: No | U7: No | V7: Yes | W7: No | X7: No | Y7: No | Z7: No | AA7: No | AB7: No | AC7: No | AD7: No | AE7: No | AF7: No | AG7: No | AH7: No | AI7: No | AJ7: No | AK7: No | AL7: No | AM7: No | AN7: No | AO7: No | AP7: No | AQ7: Yes | AR7: Yes | AS7: No | AT7: No
A8: Settled | B8: 2017/Q4 | C8: Generation | G8: 36375 | J8: VT | K8: 2017-01 | L8: NON87723 | M8: Unit A | N8: 1234918 - 1 to 24 | O8: Solar Photovoltaic | P8: 24 | Q8: No | R8: No | S8: No | T8: No | U8: No | V8: Yes | W8: No | X8: No | Y8: No | Z8: No | AA8: No | AB8: No | AC8: No | AD8: No | AE8: No | AF8: No | AG8: No | AH8: No | AI8: No | AJ8: No | AK8: No | AL8: No | AM8: No | AN8: No | AO8: No | AP8: No | AQ8: Yes | AR8: Yes | AS8: No | AT8: No
A9: Settled | B9: 2017/Q1 | C9: Generation | G9: 36375 | J9: VT | K9: 2017-01 | L9: NON88610 | M9: Unit B | N9: 1237163 - 1 to 323 | O9: Hydroelectric/Hydropower | P9: 323 | Q9: Yes | R9: No | S9: No | T9: No | U9: Yes | V9: No | W9: No | X9: No | Y9: No | Z9: No | AA9: No | AB9: No | AC9: No | AD9: No | AE9: No | AF9: No | AG9: No | AH9: No | AI9: No | AJ9: No | AK9: No | AL9: No | AM9: No | AN9: No | AO9: No | AP9: No | AQ9: Yes | AR9: Yes | AS9: No | AT9: No

Sheet CY GIS export adjusted
A1: Disposition | B1: Disposition Effective Quarter | C1: Certificate Type | D1: Transferee | E1: Voluntary | F1: Reserve Retirement State | G1: Subaccount ID | H1: Subaccount Name | I1: Product | J1: State | K1: Month of Generation | L1: Unit ID | M1: Generator Plant - Unit Name | N1: Certificate Serial Numbers | O1: Fuel Type | P1: Quantity | Q1: CT Class I | R1: CT LREC | S1: CT Class II | T1: CT Class III | U1: CT CEO | V1: MA RPS Class I Renewable Generation Unit | W1: MA Solar Carve Out I Unit | X1: MA Auction Solar Carve Out I Unit | Y1: MA Solar Carve Out II Unit | Z1: MA Auction Solar Carve Out II Unit | AA1: MA RPS Class II Renewable Generation Unit | AB1: MA RPS Class II Waste Energy Generation Unit | AC1: MA APS Alternative Generation Unit | AD1: Eligible MA NOx Allowances | AE1: ME Ren Eff Energy Source | AF1: ME Class I | AG1: ME Class II | AH1: ME Community Based Renewable Energy | AI1: ME CO2 Netting | AJ1: RI New Renewable Resource | AK1: RI Existing Renewable Resource | AL1: NH Class I | AM1: NH Class I Thermal | AN1: NH Class II | AO1: NH Class III | AP1: NH Class IV | AQ1: VT Tier I | AR1: VT Tier II | AS1: Green E | AT1: Low Impact Hydro Institute | AU1: YEAR RETIRED OR BANKED
A2: Settled | B2: 2017/Q1 | C2: Generation | G2: 36151 | H2: Nuclear Attributes | J2: NH | K2: 2017-01 | L2: MSS555 | M2: Unit A | N2: 1215240 - 3361 to 10800 | O2: Nuclear | P2: 7440 | Q2: No | R2: No | S2: No | T2: No | U2: No | V2: No | W2: No | X2: No | Y2: No | Z2: No | AA2: No | AB2: No | AC2: No | AD2: No | AE2: No | AF2: No | AG2: No | AH2: No | AI2: No | AJ2: No | AK2: No | AL2: No | AM2: No | AN2: No | AO2: No | AP2: No | AQ2: No | AR2: No | AS2: No | AT2: No | AU2: 2018
A3: Settled | B3: 2017/Q1 | C3: Generation | G3: 36374 | H3: VT Tier I | J3: NY | K3: 2017-01 | L3: MIX31708 | M3: Unit B | N3: 1341945 - 2226 to 5616 | O3: System Mix | P3: =3391*0.95 -> 3221.45 | Q3: No | R3: No | S3: No | T3: No | U3: No | V3: No | W3: No | X3: No | Y3: No | Z3: No | AA3: No | AB3: No | AC3: No | AD3: No | AE3: No | AF3: No | AG3: No | AH3: No | AI3: No | AJ3: No | AK3: No | AL3: No | AM3: No | AN3: No | AO3: No | AP3: No | AQ3: YES | AR3: No | AS3: No | AT3: No | AU3: 2018
A4: Settled | B4: 2017/Q1 | C4: Generation | G4: 36374 | H4: VT Tier I | J4: QC | K4: 2017-01 | L4: MIX31709 | M4: Unit A | N4: 1341977 - 1 to 4004 | O4: System Mix | P4: =4004*0.99 -> 3963.96 | Q4: No | R4: No | S4: No | T4: No | U4: No | V4: No | W4: No | X4: No | Y4: No | Z4: No | AA4: No | AB4: No | AC4: No | AD4: No | AE4: No | AF4: No | AG4: No | AH4: No | AI4: No | AJ4: No | AK4: No | AL4: No | AM4: No | AN4: No | AO4: No | AP4: No | AQ4: YES | AR4: No | AS4: No | AT4: No | AU4: BANKED
A5: Settled | B5: 2017/Q1 | C5: Generation | G5: 36375 | H5: VT Tier II | J5: VT | K5: 2017-01 | L5: NON107890 | M5: Unit B | N5: 1216765 - 1 to 1 | O5: Solar Photovoltaic | P5: 1 | Q5: No | R5: No | S5: No | T5: No | U5: No | V5: No | W5: No | X5: No | Y5: No | Z5: No | AA5: No | AB5: No | AC5: No | AD5: No | AE5: No | AF5: No | AG5: No | AH5: No | AI5: No | AJ5: No | AK5: No | AL5: No | AM5: No | AN5: No | AO5: No | AP5: No | AQ5: Yes | AR5: Yes | AS5: No | AT5: No | AU5: BANKED
A6: Settled | B6: 2017/Q1 | C6: Generation | G6: 36375 | H6: VT Tier II | J6: VT | K6: 2017-01 | L6: NON70598 | M6: Unit A | N6: 1234112 - 1 to 73 | O6: Solar Photovoltaic | P6: 73 | Q6: No | R6: No | S6: No | T6: No | U6: No | V6: Yes | W6: No | X6: No | Y6: No | Z6: No | AA6: No | AB6: No | AC6: No | AD6: No | AE6: No | AF6: No | AG6: No | AH6: No | AI6: No | AJ6: No | AK6: No | AL6: No | AM6: No | AN6: No | AO6: No | AP6: No | AQ6: Yes | AR6: Yes | AS6: No | AT6: No | AU6: 2018
A7: Settled | B7: 2017/Q1 | C7: Generation | G7: 36375 | H7: VT Tier II | J7: VT | K7: 2017-01 | L7: NON70599 | M7: Unit B | N7: 1230418 - 1 to 85 | O7: Solar Photovoltaic | P7: 85 | Q7: No | R7: No | S7: No | T7: No | U7: No | V7: Yes | W7: No | X7: No | Y7: No | Z7: No | AA7: No | AB7: No | AC7: No | AD7: No | AE7: No | AF7: No | AG7: No | AH7: No | AI7: No | AJ7: No | AK7: No | AL7: No | AM7: No | AN7: No | AO7: No | AP7: No | AQ7: Yes | AR7: Yes | AS7: No | AT7: No | AU7: 2018
A8: Settled | B8: 2017/Q4 | C8: Generation | G8: 36375 | H8: VT Tier II | J8: VT | K8: 2017-01 | L8: NON87723 | M8: Unit A | N8: 1234918 - 1 to 24 | O8: Solar Photovoltaic | P8: 24 | Q8: No | R8: No | S8: No | T8: No | U8: No | V8: Yes | W8: No | X8: No | Y8: No | Z8: No | AA8: No | AB8: No | AC8: No | AD8: No | AE8: No | AF8: No | AG8: No | AH8: No | AI8: No | AJ8: No | AK8: No | AL8: No | AM8: No | AN8: No | AO8: No | AP8: No | AQ8: Yes | AR8: Yes | AS8: No | AT8: No | AU8: 2018
A9: Settled | B9: 2017/Q1 | C9: Generation | G9: 36375 | H9: VT Tier II | J9: VT | K9: 2017-01 | L9: NON88610 | M9: Unit B | N9: 1237163 - 1 to 323 | O9: Hydroelectric/Hydropower | P9: =323-120 -> 203 | Q9: Yes | R9: No | S9: No | T9: No | U9: Yes | V9: No | W9: No | X9: No | Y9: No | Z9: No | AA9: No | AB9: No | AC9: No | AD9: No | AE9: No | AF9: No | AG9: No | AH9: No | AI9: No | AJ9: No | AK9: No | AL9: No | AM9: No | AN9: No | AO9: No | AP9: No | AQ9: Yes | AR9: Yes | AS9: No | AT9: No | AU9: 2018
A10: Settled | B10: 2017/Q1 | C10: Generation | G10: 36375 | H10: VT Tier II | J10: VT | K10: 2017-01 | L10: NON88610 | M10: Unit B | N10: 1237163 - 1 to 323 | O10: Hydroelectric/Hydropower | P10: 120 | Q10: Yes | R10: No | S10: No | T10: No | U10: Yes | V10: No | W10: No | X10: No | Y10: No | Z10: No | AA10: No | AB10: No | AC10: No | AD10: No | AE10: No | AF10: No | AG10: No | AH10: No | AI10: No | AJ10: No | AK10: No | AL10: No | AM10: No | AN10: No | AO10: No | AP10: No | AQ10: Yes | AR10: Yes | AS10: No | AT10: No | AU10: BANKED

Sheet Compliance Year RECs
A1: Month of Generation | B1: Unit ID | C1: Generator Plant - Unit Name | D1: Certificate Serial Numbers | E1: Fuel Type | F1: Quantity | G1: VT Tier I | H1: VT Tier II | I1: YEAR RETIRED OR BANKED | K1: Vintage | L1: Quantity Retired | Q1: YEAR RETIRED OR BANKED
A2: 2017-01 | B2: MSS555 | C2: Unit A | D2: 1215240 - 3361 to 10800 | E2: Nuclear | F2: 7440 | G2: No | H2: No | I2: 2018 | K2: =LEFT(A2,4) -> 2017 | L2: =F2 -> 7440 | Q2: =2018 -> 2018
A3: 2017-01 | B3: MIX31708 | C3: Unit B | D3: 1341945 - 2226 to 5616 | E3: System Mix | F3: 2577.16 | G3: YES | H3: No | I3: 2018 | K3: =LEFT(A3,4) -> 2017 | L3: =F3 -> 2577.16
A4: 2017-01 | B4: NON70598 | C4: Unit A | D4: 1234112 - 1 to 73 | E4: Solar Photovoltaic | F4: 73 | G4: Yes | H4: Yes | I4: 2018 | K4: =LEFT(A4,4) -> 2017 | L4: =F4 -> 73
A5: 2017-01 | B5: NON70599 | C5: Unit B | D5: 1230418 - 1 to 85 | E5: Solar Photovoltaic | F5: 85 | G5: Yes | H5: Yes | I5: 2018 | K5: =LEFT(A5,4) -> 2017 | L5: =F5 -> 85
A6: 2017-01 | B6: NON87723 | C6: Unit A | D6: 1234918 - 1 to 24 | E6: Solar Photovoltaic | F6: 24 | G6: Yes | H6: Yes | I6: 2018 | K6: =LEFT(A6,4) -> 2017 | L6: =F6 -> 24
A7: 2017-01 | B7: NON88610 | C7: Unit B | D7: 1237163 - 1 to 323 | E7: Hydroelectric/Hydropower | F7: 203 | G7: Yes | H7: Yes | I7: 2018 | K7: =LEFT(A7,4) -> 2017 | L7: =F7 -> 203
A8: 2015-01 | B8: MIX31709 | C8: Unit A | D8: 1341977 - 1 to 4004 | E8: System Mix | F8: 4004 | G8: YES | H8: No | I8: 2018 | K8: =LEFT(A8,4) -> 2015 | L8: =F8 -> 4004
A9: 2015-01 | B9: NON107890 | C9: Unit B | D9: 1216765 - 1 to 1 | E9: Solar Photovoltaic | F9: 1 | G9: Yes | H9: Yes | I9: 2018 | K9: =LEFT(A9,4) -> 2015 | L9: =F9 -> 1

Sheet Banked RECs for future years
A1: Month of Generation | B1: Unit ID | C1: Generator Plant - Unit Name | D1: Certificate Serial Numbers | E1: Fuel Type | F1: Quantity | G1: VT Tier I | H1: VT Tier II | I1: YEAR RETIRED OR BANKED | K1: Vintage | L1: Quantity Banked | Q1: YEAR RETIRED OR BANKED
A2: 2017-01 | B2: MIX31709 | C2: Unit A | D2: 1341977 - 1 to 4004 | E2: System Mix | F2: 4004 | G2: YES | H2: No | I2: BANKED | K2: =LEFT(A2,4) -> 2017 | L2: =F2 -> 4004 | Q2: BANKED
A3: 2017-01 | B3: NON107890 | C3: Unit B | D3: 1216765 - 1 to 1 | E3: Solar Photovoltaic | F3: 1 | G3: Yes | H3: Yes | I3: BANKED | K3: =LEFT(A3,4) -> 2017 | L3: =F3 -> 1
A4: 2017-01 | B4: NON88610 | C4: Unit B | D4: 1237163 - 1 to 323 | E4: Hydroelectric/Hydropower | F4: 323 | G4: Yes | H4: Yes | I4: BANKED | K4: =LEFT(A4,4) -> 2017 | L4: =F4 -> 323
K5: =LEFT(A5,4) | L5: =F5 -> 0
K6: =LEFT(A6,4) | L6: =F6 -> 0
K7: =LEFT(A7,4) | L7: =F7 -> 0
K8: =LEFT(A8,4) | L8: =F8 -> 0
K9: =LEFT(A9,4) | L9: =F9 -> 0
K10: =LEFT(A10,4) | L10: =F10 -> 0
K11: =LEFT(A11,4) | L11: =F11 -> 0
K12: =LEFT(A12,4) | L12: =F12 -> 0
K13: =LEFT(A13,4) | L13: =F13 -> 0
K14: =LEFT(A14,4) | L14: =F14 -> 0
K15: =LEFT(A15,4) | L15: =F15 -> 0
K16: =LEFT(A16,4) | L16: =F16 -> 0
... K25: =LEFT(A25,4) | L25: =F25 -> 0

Sheet RES requirements
B2: Tier I | C2: Tier I net of Tier II | D2: Tier II | E2: Tier III | G2: Tier I | H2: Tier II | I2: Tier III
A4: 2017 | B4: 0.55 | C4: =B4-D4 -> 0.54 | D4: 0.01 | E4: 0.02 | G4: 10 | H4: 60 | I4: =H4 -> 60
A5: 2018 | B5: 0.55 | C5: =B5-D5 -> 0.534 | D5: =D4+0.006 -> 0.016 | E5: =E4+2/300 -> 0.026666667 | G5: 10.13 | H5: 60.78 | I5: =H5 -> 60.78
A6: 2019 | B6: 0.55 | C6: 0.528 | D6: =D5+0.006 -> 0.022 | E6: =E5+2/300 -> 0.033333333
A7: 2020 | B7: 0.59 | C7: 0.562 | D7: =D6+0.006 -> 0.028 | E7: =E6+2/300 -> 0.04
A8: 2021 | B8: 0.59 | C8: 0.556 | D8: =D7+0.006 -> 0.034 | E8: =E7+2/300 -> 0.046666667
A9: 2022 | B9: 0.59 | C9: 0.55 | D9: =D8+0.006 -> 0.04 | E9: =E8+2/300 -> 0.053333333
A10: 2023 | B10: 0.63 | C10: 0.584 | D10: =D9+0.006 -> 0.046 | E10: =E9+2/300 -> 0.06
A11: 2024 | B11: 0.63 | C11: 0.578 | D11: =D10+0.006 -> 0.052 | E11: =E10+2/300 -> 0.066666667
A12: 2025 | B12: 0.63 | C12: 0.572 | D12: =D11+0.006 -> 0.058 | E12: =E11+2/300 -> 0.073333333
A13: 2026 | B13: 0.67 | C13: 0.606 | D13: =D12+0.006 -> 0.064 | E13: =E12+2/300 -> 0.08
A14: 2027 | B14: 0.67 | C14: 0.6 | D14: =D13+0.006 -> 0.07 | E14: =E13+2/300 -> 0.086666667
A15: 2028 | B15: 0.67 | C15: =B15-D15 -> 0.594 | D15: =D14+0.006 -> 0.076 | E15: =E14+2/300 -> 0.093333333
A16: 2029 | B16: 0.71 | C16: =B16-D16 -> 0.628 | D16: =D15+0.006 -> 0.082 | E16: =E15+2/300 -> 0.1
A17: 2030 | B17: 0.71 | C17: =B17-D17 -> 0.622 | D17: =D16+0.006 -> 0.088 | E17: =E16+2/300 -> 0.10666667
A18: 2031 | B18: 0.71 | C18: =B18-D18 -> 0.616 | D18: =D17+0.006 -> 0.094 | E18: =E17+2/300 -> 0.11333333
A19: 2032 | B19: 0.75 | C19: =B19-D19 -> 0.65 | D19: =D18+0.006 -> 0.1 | E19: =E18+2/300 -> 0.12
